 Dungeon Crawl Stone Soup version 0.31-a0-496-g6f97920a28 (webtiles) character file.

Game seed: 8465827398649788059

5 Ofeo the Changeling (level 1, 2/9 HPs)
             Began as a Felid Shapeshifter on Aug 8, 2023.
             Quit the game on level 1 of the Dungeon.
             The game lasted 00:00:08 (25 turns).

Ofeo the Changeling (Felid Shapeshifter)              Turns: 25, Time: 00:00:08

Health: 2/9        AC:  1    Str: 11    XL:     1   Next: 66%
Magic:  2/2        EV: 17    Int:  9    God:
Gold:   0          SH:  0    Dex: 16    Spells: 0/0 levels left
                                        Lives:  0   Deaths: 0

rFire   . .          .
                       - Unarmed
rCold   . . .        (shield unavailable)
rNeg    . . .        (body armour unavailable)
rPois   .            (helmet unavailable)
rElec   .            (cloak unavailable)
rCorr   .            (gloves unavailable)
SInv    +            (boots unavailable)
Will    .....        (no amulet)
Stlth   +            (no ring)
HPRegen 0.21/turn    (no ring)
MPRegen 0.08/turn

%: no passive effects
@: beast-form, quick
A: beast (slay +2), very small, claws 1, fangs 3, see invisible, speed 1, shaggy
fur 1, stealthy paws, no weapons or thrown items, no armour, multi-lived
a: Begin Untransformation


You were on level 1 of the Dungeon.
You were a hulking beast.
You visited 1 branch of the dungeon, and saw 1 of its levels.

Inventory:

Talismans
 b - a beast talisman (active)
 c - a flux talisman
Potions
 a - a potion of lignification


   Skills:
 + Level 1.2 Fighting
 + Level 2.9 Dodging
 + Level 3.1 Unarmed Combat
 + Level 3.3 Shapeshifting


You couldn't memorise any spells.
You didn't know any spells.
Your spell library was empty.

Dungeon Overview and Level Annotations

Branches:
Dungeon (1/15)

Altars:


Innate Abilities, Weirdness & Mutations

You are a hulking beast.
Your limbs bulge with bestial killing power. (Slay +2)
You have sharp claws.
You have razor-sharp teeth.
You have supernaturally acute eyesight. (SInv)
You cover ground quickly. (Speed+)
You are covered in fur. (AC +1)
Your paws help you pounce on unaware monsters.
You are incapable of wielding weapons or throwing items.
You cannot wear armour.
You gain extra lives every three experience levels.


Message History

The jackal barely misses you. The jackal misses you.
You scratch the jackal.
You kill the jackal!
The jackal barely misses you.
A ball python comes into view.
You closely miss the jackal.
The ball python hisses angrily.
You bite the jackal.
The jackal is severely wounded.
The jackal misses you. x2
You closely miss the jackal. You bite the jackal.
You kill the jackal!
You barely miss the ball python. The ball python completely misses you.
The ball python misses you. The hobgoblin barely misses you.
There are monsters nearby!
There are monsters nearby!
You closely miss the hobgoblin. The ball python bites you.
The ball python barely misses you. The hobgoblin misses you.
The hobgoblin closely misses you.
You take 1 damage, and have 6/9 hp.
You closely miss the hobgoblin. You bite the hobgoblin.
The hobgoblin is almost dead.
The ball python completely misses you. The ball python misses you.
The hobgoblin barely misses you.
The hobgoblin hits you but does no damage.
You barely miss the hobgoblin.
The hobgoblin is almost dead.
The ball python bites you. The ball python barely misses you.
The ball python completely misses you. The ball python grabs you.
The ball python constricts you. The hobgoblin closely misses you.
The hobgoblin completely misses you.
You take 3 damage, and have 3/9 hp.
MASSIVE DAMAGE!!
You scratch the hobgoblin.
You kill the hobgoblin!
The ball python closely misses you. The ball python constricts you.
* * * LOW HITPOINT WARNING * * *
You take 1 damage, and have 2/9 hp.
You escape the ball python's grasp.
You see here a hobgoblin corpse.
Are you sure you want to abandon this character and quit the game? (Confirm with "yes".)

........# ........#
........# #.......#
#.......# #.#.......#
#.#.#SS..# #.##.#.#g#
#.##.#.#h########
##.##.#.#........#
#...#...#......#.#
#...##..##.###.#
##...##.......# #
#####.....#.#####.#
.......<............
...##.....#..####.#...
##...##..# g.##


You could see a hobgoblin and 2 ball pythons.

Vanquished Creatures
  A hobgoblin (D:1)
  3 jackals (D:1)
4 creatures vanquished.

Notes
Turn   | Place    | Note
-------+----------+-------------------------------------------
     0 | D:1      | Ofeo the Felid Shapeshifter began the quest for the Orb.
     0 | D:1      | Reached XP level 1. HP: 9/9 MP: 2/2
    25 | D:1      | Quit the game

Illustrated notes

Levels and vault maps discovered:
D:1:      dpeg_arrival_rhombus, layout_basic,
          shapermc_ecumenical_altar_acropolis, minmay_misc_feat_four_crosses,
          minmay_strange_pillars, kennysheep_pointless_box, minivault_4

Action                     || total
---------------------------++-------
  Melee: Unarmed           ||    11
         Bite              ||     4
 Armour: Skin              ||     1
  Dodge: Dodged            ||    21

Table legend: (Time is in decaauts)
 A = Elapsed time spent in this place.
 B = Non-inter-level travel time spent in this place.
 C = Inter-level travel time spent in this place.
 D = Time resting spent in this place.
 E = Time spent auto-exploring this place.
 F = Levels seen in this place.
 G = Mean time per level.
                   A        B        C        D        E       F      G
               +--------+--------+--------+--------+--------+-----+--------+
         Total |     21 |     21 |      0 |      0 |      5 |   1 |   21.0 |
       Dungeon |     21 |     21 |      0 |      0 |      5 |   1 |   21.0 |
               +--------+--------+--------+--------+--------+-----+--------+

Top non-repeatable levels by time:
     D:1: 21 daAuts
